Map: Blackpink LE

Players

JagrsMullets

  • Race: Terran Terran
  • Spawn Location: 7:00

A.I. 1 (Hard) - Winner!

  • Race: Protoss Protoss
  • Spawn Location: 1:00

VOD

Have the link to the VOD?

Description

Time

  • Played on: Dec. 18, 2017, 4:35 a.m.
  • Length: 35:08
Show
View Real Time Build Order
Export as new Build Order

JagrsMullets Terran 

Build Orders:  

Get SALT Encoding   

  12  0:01  SCV  
  13  0:13  SCV  
  14  0:19  Supply Depot  
  14  0:26  SCV  
  15  0:41  SCV  
  16  0:44  Supply Depot  
  16  0:51  Barracks  
  16  0:55  SCV  
  17  1:07  Refinery  
  17  1:08  SCV  
  18  1:31  SCV  
  19  1:37  Refinery  
  19  1:43  SCV  
  20  1:55  SCV  
  20  1:59  Barracks  
  21  2:07  SCV  
  22  2:15  Factory  
  22  2:19  SCV  
  23  2:26  Engineering Bay  
  23  2:32  SCV  
  23  2:35  Marine  
  25  2:44  SCV  
  26  2:48  Barracks Tech Lab  
  26  2:53  Marine  
  26  2:56  SCV  
  26  2:57  Ghost Academy  
  28  3:03  Factory  
  28  3:07  Factory Tech Lab  
  28  3:08  SCV  
  28  3:10  Marine  
  30  3:14  Supply Depot  
  30  3:20  SCV  
  31  3:31  Combat Shields  
  31  3:35  Marine  
  31  3:40  Nuke  
  32  3:47  Siege Tank  
  35  3:58  Command Center  
  35  4:19  Factory Tech Lab  
  36  4:28  Orbital Command  
  35  4:47  Siege Tank  
  35  4:51  Marine  
  39  5:04  Marine, Siege Tank  
  43  5:08  Starport  
  43  5:09  Marine  
  44  5:22  Marine  
  44  5:26  Marine, Armory  
  46  5:32  SCV  
  47  5:39  Marine  
  48  5:44  Marine, SCV  
  50  5:56  SCV  
  51  6:02  Marine  
  52  6:09  SCV  
  53  6:21  SCV  
  54  6:39  Bunker  
  54  6:54  Siege Tank x2  
  60  7:23  Bunker  
  60  7:35  Ghost  
  62  8:26  Missile Turret  
  62  8:41  Starport Tech Lab  
  62  8:46  Missile Turret  
  62  8:49  Terran Ship Weapons Level 1  
  62  8:54  Starport  
  62  8:55  Starport  
  62  9:07  Missile Turret  
  62  9:09  Ghost  
  62  9:10  Siege Tank x2  
  70  9:28  Missile Turret  
  70  9:35  Refinery  
  70  9:36  Refinery  
  70  9:42  Thor  
  76  9:53  Missile Turret  
  76  10:01  Starport Reactor  
  76  10:02  Starport Reactor  
  76  10:12  Barracks Reactor  
  76  10:14  Missile Turret  
  76  10:27  Moebius Reactor  
  76  10:36  Missile Turret, Ghost Academy  
  76  10:42  Ghost Academy  
  77  11:00  Planetary Fortress  
  76  11:15  Supply Depot  
  76  11:31  Fusion Core  
  76  11:37  Siege Tank  
  76  11:38  Supply Depot  
  79  12:00  Medivac x4  
  87  12:01  Liberator  
  87  12:02  Supply Depot  
  87  12:12  Liberator  
  90  12:24  Supply Depot  
  90  12:33  Weapon Refit  
  93  12:39  Terran Infantry Weapons Level 1  
  93  12:47  Engineering Bay  
  93  12:49  Supply Depot  
  93  12:50  Nuke  
  93  12:52  Nuke  
  93  12:57  Marine x3  
  96  13:12  Supply Depot  
  96  13:14  Marine  
  96  13:15  Marine x2  
  99  13:32  Marine x2  
  99  13:33  Marine  
  102  13:48  Battlecruiser  
  108  13:50  Marine x3  
  108  13:55  Viking  
  113  14:08  Marine  
  114  14:52  Battlecruiser  
  120  15:56  Battlecruiser  
  126  16:01  Command Center  
  126  16:16  Terran Infantry Weapons Level 2  
  126  16:18  Terran Infantry Armor Level 1  
  103  17:00  Battlecruiser  
  109  18:00  Nuke  
  109  18:12  Hi-Sec Auto Tracking  
  107  18:31  Neosteel Frame  
  107  19:06  Nuke  
  107  19:07  Nuke  
  107  19:09  Building Armor  
  105  19:17  Refinery  
  105  19:19  Refinery  
  105  19:22  Marine x3  
  108  19:39  Marine  
  108  19:40  Marine x2  
  111  19:57  Marine  
  111  19:58  Marine x2  
  114  20:15  Marine x3, Viking x2  
  114  20:16  Viking x3  
  127  20:33  Marine  
  100  20:45  Viking x2  
  100  20:46  Viking x3  
  110  21:15  Viking x2  
  110  21:16  Viking x3  
  102  21:45  Viking x3  
  102  21:46  Viking x2  
  112  22:07  Planetary Fortress  
  112  22:15  Viking  
  114  22:30  Marauder  
  114  22:35  Marine x2  
  118  22:51  Marauder  
  118  22:53  Marine x2  
  124  22:58  Hellbat  
  124  22:59  Hellbat  
  124  23:03  Liberator  
  126  23:10  Marine  
  126  23:11  Marine  
  130  23:13  Marauder, Terran Infantry Weapons Level 3  
  130  23:14  Terran Infantry Armor Level 2  
  132  23:20  Hellbat x2  
  137  23:28  Marine  
  137  23:29  Marine  
  141  23:34  Marauder  
  143  23:41  Hellbat x2  
  143  23:46  Marine x2  
  149  23:55  Marauder  
  151  24:03  Hellbat x2  
  153  24:16  Marine  
  151  24:24  Hellbat x2  
  140  24:46  Marine x3  
  143  25:04  Marine x3  
  117  25:22  Marine x3  
  113  25:39  Marine  
  113  25:40  Marine x2  
  85  25:58  Marine  
  72  26:12  Marine  
  72  26:13  Marine  
  72  26:15  Marine  
  70  26:30  Marine x2  
  70  26:33  Marine  
  68  26:48  Marine x2  
  68  26:51  Marine  
  61  27:06  Marine x2  
  63  27:09  Marine  
  63  27:24  Marine x2  
  63  27:27  Marine  
  66  27:42  Command Center  
  66  27:44  Marine  
  58  28:30  Marine  
  58  28:31  Marine x2  
  46  28:48  Marine x2  
  46  28:49  Marine  
  43  29:00  Refinery  
  43  29:02  Refinery  
  43  29:06  Marine x3, Orbital Command  
  52  29:19  Banshee  
  49  29:24  Marine x3  
  52  29:42  Marine x3  
  55  29:55  SCV  
  56  30:00  Marine x3  
  56  30:02  Banshee  
  62  30:07  SCV  
  62  30:14  Thor  
  69  30:17  Marine x2, Ghost  
  69  30:19  SCV  
  74  30:31  SCV  
  45  30:43  SCV  
  45  30:45  Banshee  
  45  30:46  Ghost  
  35  31:14  Ghost  
  35  31:16  SCV  
  38  31:28  SCV, Banshee  
  42  31:40  SCV  
  42  31:43  Ghost  
  45  31:52  SCV  
  46  31:56  Starport Tech Lab  
  46  31:57  Starport Tech Lab  
  46  32:04  SCV  
  46  32:06  Nuke  
  47  32:10  Banshee, Terran Infantry Armor Level 3  
  47  32:12  Marine x2  
  47  32:13  Marine  
  53  32:20  Thor x2  
  65  32:26  SCV  
  66  32:30  Marine x3  
  69  32:38  SCV  
  69  32:43  Banshee x2  
  76  32:48  Marine x3  
  76  32:50  SCV  
  80  32:53  Banshee  
  83  33:02  SCV  
  84  33:06  Marine x3  
  87  33:23  Command Center  
  87  33:24  Marine  
  87  33:26  Banshee  
  91  33:31  Banshee  
  94  33:47  Cloaking Field  
  94  34:25  SCV  
  96  34:43  Refinery  
Show
View Real Time Build Order
Export as new Build Order

A.I. 1 (Hard) Protoss - Winner!

Build Orders:  

Get SALT Encoding   

  12  0:00  Probe  
  13  0:13  Probe  
  14  0:19  Pylon  
  14  0:25  Probe  
  15  0:37  Probe  
  15  0:41  Gateway  
  16  0:49  Assimilator, Probe  
  17  1:00  Pylon  
  17  1:01  Probe  
  18  1:13  Probe  
  19  1:26  Probe  
  19  1:30  Zealot  
  19  1:32  Cybernetics Core  
  22  1:43  Gateway  
  22  1:48  Assimilator  
  22  2:04  Pylon  
  22  2:09  Stalker  
  22  2:13  Warp Gate  
  24  2:30  Zealot  
  26  2:39  Stalker  
  28  2:49  Pylon  
  28  2:57  Stalker  
  30  2:59  Probe  
  31  3:09  Adept  
  31  3:11  Probe  
  34  3:19  Forge  
  34  3:23  Probe  
  35  3:27  Stalker  
  37  3:35  Probe  
  37  3:36  Stalker  
  37  3:39  Pylon  
  40  3:47  Probe  
  41  3:59  Probe  
  42  5:05  Sentry  
  42  5:06  Protoss Ground Weapons Level 1  
  44  5:09  Gateway  
  44  5:11  Robotics Facility  
  44  5:13  Photon Cannon  
  44  5:15  Stalker, Photon Cannon  
  44  5:19  Pylon  
  46  5:28  Sentry  
  46  5:31  Twilight Council  
  48  5:38  Forge, Adept  
  48  5:56  Stalker  
  50  6:00  Observer  
  51  6:08  Blink  
  51  6:11  Protoss Ground Armor Level 1  
  51  6:12  Nexus  
  51  6:21  Observer  
  52  6:27  Stargate  
  52  7:24  Probe  
  52  7:26  Probe  
  54  7:35  Assimilator  
  54  7:37  Pylon, Probe  
  55  7:38  Probe  
  55  7:39  Pylon  
  55  7:40  Assimilator  
  56  7:49  Probe  
  56  7:50  Probe  
  58  8:01  Probe  
  58  8:02  Probe  
  58  8:04  Photon Cannon  
  60  8:06  Photon Cannon  
  60  8:09  Photon Cannon  
  60  8:13  Probe  
  60  8:14  Probe  
  62  8:25  Probe  
  62  8:26  Probe  
  64  8:37  Probe  
  64  8:38  Probe  
  66  8:49  Probe  
  66  8:51  Probe  
  68  9:01  Probe  
  69  9:03  Probe  
  69  9:05  Warp Prism  
  69  9:07  Gateway  
  72  9:12  Templar Archives  
  72  9:13  Probe  
  73  9:17  Pylon  
  67  9:40  Stargate  
  67  9:41  Warp Prism  
  67  9:42  Fleet Beacon  
  69  9:49  High Templar  
  71  9:56  Nexus  
  71  10:01  High Templar  
  73  10:12  Protoss Ground Weapons Level 2  
  73  10:14  Archon, High Templar  
  73  10:17  Warp Prism  
  73  10:18  Protoss Ground Armor Level 2  
  77  10:27  High Templar  
  79  10:30  Pylon  
  79  10:39  Archon, High Templar  
  81  10:50  Robotics Facility  
  81  10:51  Carrier  
  81  10:53  Observer  
  88  11:04  High Templar  
  90  11:09  Probe  
  90  11:10  Probe  
  92  11:11  Probe  
  92  11:16  Archon  
  92  11:17  High Templar  
  95  11:21  Probe  
  95  11:22  Assimilator, Probe  
  95  11:23  Probe  
  95  11:24  Pylon  
  95  11:25  Pylon  
  98  11:26  Assimilator  
  98  11:29  High Templar  
  100  11:33  Probe  
  100  11:34  Probe  
  100  11:36  Probe  
  103  11:45  Probe  
  103  11:47  Probe  
  105  11:48  Probe  
  105  11:52  Robotics Bay  
  106  11:57  Probe  
  106  11:59  Probe  
  106  12:00  Probe  
  109  12:28  Protoss Shields Level 1  
  109  12:29  Protoss Air Weapons Level 1  
  109  12:40  Gravitic Drive  
  109  12:42  Colossus  
  115  12:50  Dark Shrine  
  115  13:04  Stalker  
  117  13:08  Disruptor  
  117  13:11  Pylon  
  120  13:13  Stalker  
  120  13:17  Stalker  
  124  13:21  Stalker  
  124  13:26  Void Ray  
  122  13:34  Stalker  
  122  13:35  Disruptor  
  122  13:37  Observer Gravitic Boosters  
  127  13:41  Psionic Storm  
  127  13:55  Protoss Ground Weapons Level 3  
  127  14:22  Protoss Ground Armor Level 3  
  127  14:23  Protoss Air Armor Level 1  
  127  14:34  Graviton Catapult  
  127  15:20  Nexus  
  127  15:51  Void Ray  
  127  16:16  Protoss Air Weapons Level 2, Sentry  
  129  16:22  Extended Thermal Lance, Colossus  
  129  16:24  Pylon  
  135  16:28  Carrier  
  135  16:31  Protoss Shields Level 2  
  141  16:39  Zealot  
  117  16:44  Assimilator  
  117  16:45  Zealot  
  91  16:47  Pylon  
  91  16:51  Assimilator  
  91  16:52  Stalker, Pylon  
  89  16:58  Stalker  
  91  17:05  Stalker  
  93  17:11  Stalker  
  93  17:14  Photon Cannon  
  95  17:16  Photon Cannon  
  95  17:17  Stalker  
  97  17:24  Stalker  
  99  17:30  Sentry  
  101  17:37  Sentry  
  101  17:43  Adept  
  105  17:50  Void Ray  
  109  17:56  Colossus  
  109  17:57  Pylon  
  115  18:02  Carrier  
  121  18:20  Pylon  
  121  18:27  Photon Cannon  
  121  18:32  Protoss Air Armor Level 2  
  121  18:34  Photon Cannon  
  121  18:48  Protoss Shields Level 3  
  121  18:54  Pylon  
  121  19:49  Void Ray  
  121  20:05  Disruptor  
  124  20:11  Disruptor  
  127  20:26  Stalker  
  115  20:31  Stalker  
  107  20:37  Stalker  
  107  20:38  Nexus  
  103  20:43  Stalker  
  103  20:48  Protoss Air Weapons Level 3  
  103  20:49  Stalker  
  91  20:55  Stalker  
  87  21:00  Sentry  
  89  21:06  Sentry  
  91  21:12  Adept  
  91  21:18  Zealot  
  95  21:23  Zealot  
  93  21:29  Sentry  
  95  21:35  Carrier  
  99  21:41  Void Ray  
  99  21:46  Sentry  
  103  21:52  Stalker  
  105  21:58  Disruptor  
  108  22:01  Assimilator  
  108  22:03  Disruptor  
  108  22:04  Pylon  
  108  22:06  Pylon  
  108  22:08  Assimilator  
  111  22:09  Stalker  
  111  22:15  Stalker  
  115  22:23  Carrier  
  115  22:28  Photon Cannon  
  121  22:30  Photon Cannon  
  121  23:25  Protoss Air Armor Level 3  
  121  23:36  Void Ray  
  121  23:50  Zealot  
  121  23:53  Zealot  
  125  23:56  Zealot  
  125  23:59  Adept  
  125  24:02  Void Ray  
  133  24:05  Immortal  
  137  24:22  Zealot  
  125  24:24  Void Ray  
  125  24:28  Adept  
  125  24:30  Zealot  
  113  24:33  Sentry  
  103  24:42  Stalker  
  105  24:48  Stalker  
  105  24:51  Stalker  
  105  24:52  Observer  
  109  24:56  Stalker  
  111  25:05  Stalker  
  101  25:08  Void Ray  
  101  25:11  Zealot  
  97  25:14  Sentry  
  97  25:18  Immortal  
  95  25:21  Zealot  
  95  25:24  Void Ray  
  95  25:27  Sentry, Probe  
  98  25:31  Immortal  
  98  25:34  Zealot  
  97  25:36  Nexus  
  97  25:37  Zealot, Probe  
  97  25:40  Probe  
  97  25:41  Adept, Probe  
  93  25:44  Probe  
  93  25:47  Pylon  
  90  25:50  Zealot  
  90  25:51  Void Ray  
  90  25:54  Stalker  
  90  25:57  Stalker, Warp Prism, Probe, Pylon  
  76  25:59  Probe  
  76  26:00  Probe  
  76  26:01  Adept  
  81  26:10  Stalker  
  81  26:11  Immortal, Photon Cannon  
  75  26:13  Photon Cannon  
  75  26:17  Sentry  
  71  26:20  Sentry  
  71  26:23  Sentry  
  66  26:26  Void Ray  
  66  26:33  Warp Prism, Zealot  
  64  26:40  Stalker  
  64  26:43  Sentry  
  60  26:47  High Templar  
  60  26:49  Warp Prism  
  60  26:50  Probe  
  60  26:51  Void Ray  
  60  26:52  Probe  
  60  26:53  Probe  
  69  26:54  Probe  
  69  26:55  Assimilator, Sentry  
  69  26:56  Probe  
  69  26:57  Probe  
  69  26:58  Pylon  
  70  27:01  Pylon  
  70  27:02  Probe  
  70  27:03  Assimilator, Sentry  
  70  27:04  Probe  
  70  27:05  Probe  
  70  27:06  Sentry  
  70  27:07  Probe  
  75  27:08  Warp Prism, Probe  
  75  27:10  Probe  
  75  27:14  Probe  
  74  27:16  Probe  
  74  27:17  Probe  
  74  27:18  Zealot  
  74  27:19  Probe  
  74  27:20  Probe  
  74  27:21  Stalker  
  74  27:22  Photon Cannon, Probe  
  70  27:23  Photon Cannon  
  70  27:25  Void Ray, Warp Prism  
  70  27:26  Probe  
  70  27:28  Probe  
  70  27:29  Stalker, Probe  
  72  27:31  Probe  
  72  27:32  Stalker, Probe  
  72  27:37  Probe  
  72  27:38  Zealot, Probe  
  72  27:40  Probe  
  72  27:41  Probe  
  72  27:43  Probe  
  71  27:44  Void Ray  
  71  27:45  Warp Prism, Probe  
  71  27:48  Stalker  
  71  27:50  Probe  
  73  27:52  Stalker, Probe  
  73  27:53  Probe  
  73  27:54  Probe  
  73  27:55  Stalker  
  73  27:56  Probe  
  73  27:57  Probe  
  72  27:59  Stalker  
  72  28:01  Warp Prism  
  72  28:03  Probe  
  72  28:04  Probe  
  67  28:06  Probe  
  67  28:08  Probe  
  67  28:10  Probe x2  
  67  28:11  Sentry  
  67  28:14  Pylon  
  67  28:15  Stalker, Probe  
  67  28:16  Probe  
  67  28:18  Stalker, Probe  
  70  28:20  Probe  
  70  28:22  Stalker, Probe x2  
  67  28:27  Probe  
  67  28:28  Probe  
  67  28:32  Probe  
  67  28:34  Sentry, Probe  
  71  28:36  Probe  
  71  28:38  Stalker, Photon Cannon  
  71  28:39  Probe  
  71  28:40  Probe  
  71  28:41  Stalker, Photon Cannon  
  74  28:44  Probe, Pylon  
  74  28:45  Sentry  
  74  28:46  Photon Cannon, Probe  
  77  28:49  Photon Cannon  
  77  28:51  Probe  
  77  28:52  Probe  
  77  28:53  Probe  
  80  28:56  Probe  
  80  28:57  Stalker  
  80  28:58  Probe  
  80  29:01  Sentry  
  86  29:02  Nexus  
  86  29:03  Probe  
  86  29:04  Sentry  
  86  29:05  Probe  
  86  29:06  Probe  
  86  29:08  Zealot  
  86  29:09  Probe  
  94  29:13  Pylon  
  94  29:15  Probe  
  94  29:17  Probe  
  96  29:18  Probe  
  96  29:19  Probe  
  96  29:20  High Templar  
  96  29:21  Probe  
  96  29:24  Zealot  
  103  29:27  Sentry  
  103  29:31  Zealot  
  107  29:44  Sentry  
  109  29:47  Pylon  
  109  29:50  Stalker  
  111  29:54  High Templar  
  111  29:57  Zealot  
  115  30:05  Immortal  
  119  30:10  Phoenix  
  121  30:15  Disruptor  
  124  30:21  Adept  
  124  30:24  Pylon  
  124  30:27  Adept  
  128  30:29  Pylon  
  128  30:33  Adept  
  124  30:44  Immortal  
  124  30:45  Phoenix  
  124  30:51  Disruptor  
  124  30:56  Tempest  
  129  31:02  Zealot  
  129  31:03  Pylon  
  127  31:08  Zealot  
  119  31:13  Void Ray  
  123  31:19  Adept  
  123  31:25  Adept  
  127  31:31  Adept, Resonating Glaives  
  129  31:39  Void Ray, Pylon  
  133  31:48  Observer  
  133  32:01  Nexus  
  133  33:21  Observer  
  133  33:27  Assimilator  
  133  33:31  Pylon  
  133  33:32  Pylon  
  133  33:34  Assimilator  
  133  33:55  Photon Cannon  
  133  33:57  Photon Cannon  
  133  34:03  Void Ray  
  133  34:17  Zealot  
  133  34:20  Zealot  
  133  34:23  Zealot  
  139  34:26  Stalker  
  139  34:29  Immortal  
  145  34:38  Stalker  
  147  34:50  Sentry  
  131  34:52  Zealot  
  131  34:55  Stalker  
  118  35:01  Stalker  
Tags
 
Matchup
PvT
Spawn Locations
Cross Positions
Add a new tag
Caveats
  • Supply blocks, unpowered buildings, or Contaminate may cause inaccurate times.
  • Supply counts are checked every 10 seconds.